 Dungeon Crawl Stone Soup version 0.27.1-34-g3ba077fa99 (webtiles) character file.

Game seed: 6898918811304411331

14516 ticklebelly the Fighter (level 11, -8/106 HPs)
             Began as a Minotaur Berserker on Jan 1, 2022.
             Was a High Priest of Trog.
             Mangled by an elephant (10 damage)
             ... on level 2 of the Lair of Beasts.
             The game lasted 00:38:30 (11171 turns).

ticklebelly the Fighter (Minotaur Berserker)       Turns: 11171, Time: 00:38:30

Health: -8/106     AC: 21    Str: 24    XL:     11   Next: 89%
Magic:  10/10      EV: 11    Int:  4    God:    Trog [*****.]
Gold:   568        SH:  5    Dex: 11    Spells: 10/10 levels left

rFire    . . .     SeeInvis .   a - +5 flail (drain)
rCold    . . .     Faith    +   F - +0 buckler
rNeg     . . .     Spirit   .   l - +0 plate armour
rPois    +         Reflect  .   (helmet restricted)
rElec    .         Harm     .   (no cloak)
rCorr    .         Rampage  .   (no gloves)
Will     .....                  B - +0 pair of boots
Stlth    ..........             t - amulet of faith
HPRegen  0.27/turn              J - +4 ring of protection
MPRegen  0.12/turn              r - ring of poison resistance

@: lethally poisoned (-8 -> -21), about to teleport, on berserk cooldown,
slowed, very slow
A: horns 2, retaliatory headbutt
a: Renounce Religion, Berserk, Trog's Hand, Brothers in Arms


You were on level 2 of the Lair of Beasts.
You worshipped Trog.
Trog was extremely pleased with you.
You visited 2 branches of the dungeon, and saw 11 of its levels.
You also visited: Sewer.

You collected 568 gold pieces.

Inventory:

Hand Weapons
 a - a +5 flail of draining (weapon)
 s - a +0 war axe
 P - a +0 battleaxe
Missiles
 I - 3 silver boomerangs (quivered)
Armour
 l - a +0 plate armour (worn)
 m - a +0 scale mail
 B - a +0 pair of boots (worn)
 F - a +0 buckler (worn)
 G - a +0 tower shield
Jewellery
 r - a ring of poison resistance (right hand)
 t - an amulet of faith (around neck)
 A - a +6 ring of dexterity
 J - a +4 ring of protection (left hand)
Wands
 q - a wand of paralysis (18)
 C - a wand of digging (4)
 E - a wand of iceblast (6)
 H - a wand of polymorph (8)
 K - a wand of mindburst (13)
 O - a wand of flame (16)
Scrolls
 b - 9 scrolls of identify
 f - a scroll of immolation {unknown}
 g - 2 scrolls of fear {unknown}
 h - 3 scrolls of noise {unknown}
 j - 4 scrolls of enchant armour {unknown}
 o - 5 scrolls of teleportation
 p - 5 scrolls of magic mapping
 u - a scroll of vulnerability {unknown}
 w - 3 scrolls of fog {unknown}
 x - a scroll of summoning {unknown}
 y - a scroll of enchant weapon {unknown}
 z - 2 scrolls of amnesia {unknown}
 D - a scroll of blinking {unknown}
 L - a scroll of silence {unknown}
 N - a scroll of holy word {unknown}
Potions
 c - a potion of haste {unknown}
 d - 4 potions of curing {unknown}
 e - a potion of brilliance {unknown}
 i - 2 potions of heal wounds {unknown}
 k - 3 potions of mutation {unknown}
 n - a potion of lignification {unknown}
 v - 5 potions of flight
 M - a potion of resistance


   Skills:
 + Level 12.8 Fighting
 - Level 5.3(6.0) Axes
 - Level 3.9(5.2) Maces & Flails
 + Level 12.5 Armour
 + Level 11.5 Dodging
 - Level 5.0 Shields
 - Level 1.1 Evocations


You had 10 spell levels left.
You didn't know any spells.
Your spell library was empty.

Dungeon Overview and Level Annotations

Branches:
Dungeon (9/15)             Temple (0/1) D:6            Lair (2/6) D:9
  Snake (0/4) Lair:2        Sewer (visited)
  Swamp: Lair:2-4    Shoals: Lair:2-4       Orc: D:9-12

Altars:
Dithmenos
Makhleb
Nemelex Xobeh
Qazlal
Ru
Sif Muna
Wu Jian
Xom

Shops:
D:9 =


Innate Abilities, Weirdness & Mutations

You have a pair of horns on your head.
You reflexively headbutt those who attack you in melee.


Message History

The water moccasin bites you but does no damage.
The elephant tramples you!
You hold your ground!
The elephant trunk-slaps you but does no damage.
You completely miss the water moccasin.
The water moccasin is moderately wounded.
You feel very sick.
The water moccasin bites you but does no damage.
You block the elephant's attack.
The elephant trunk-slaps you but does no damage.
The elephant tramples you!
* * * LOW HITPOINT WARNING * * *
You hold your ground!
The elephant trunk-slaps you but does no damage.
The water moccasin bites you but does no damage.
The elephant tramples you but does no damage.
The elephant trunk-slaps you but does no damage.
The elephant tramples you.
* * * LOW HITPOINT WARNING * * *
You hold your ground!
The elephant trunk-slaps you but does no damage.
As you read the scroll of teleportation, it crumbles to dust.
You feel strangely unstable.
You feel very sick.
The water moccasin bites you but does no damage.
The water moccasin barely misses you. You furiously retaliate!
You headbutt the water moccasin! The elephant barely misses you.
You furiously retaliate!
You headbutt the elephant! The elephant barely misses you.
You block the elephant's attack.
The elephant trunk-slaps you but does no damage.
The water moccasin bites you!
* * * LOW HITPOINT WARNING * * *
You are lethally poisoned!
The water moccasin poisons you!
You hit the elephant. You drain the elephant.
You kill the elephant!
Trog accepts your kill.
* * * LOW HITPOINT WARNING * * *
You feel extremely sick. The elephant tramples you!
You die...

###.P#### ........#
##...## #...(...#
##...# #......# #P..#
#####......+ ##.###
##.#.....>..#
###..#.####.P......P#
.##...#.#......YY†###
###..........###Y#.#
..........P..# #@.##
........###### #S.#
PP##.>...# .....
####.....##.#
#......#
.###.........
.......# ..###..#...
..........
÷......###P.
........P## ..#....#
##.#....... ##÷#..##


You could see 3 elephants and a water moccasin.

Vanquished Creatures
  A centaur warrior (D:8)
  A catoblepas (Lair:1)
  2 two-headed ogres (D:9)
  A cyclops (D:6)
  4 elephants
  2 black mambas (Lair:2)
  3 cane toads (Lair:1)
  4 komodo dragons
  A shadow (D:8)
  A wyvern (D:8)
  A wraith (D:6)
  9 yaks
  A steam dragon (D:7)
  A basilisk (Lair:1)
  Menkaure (D:5)
  An acid dragon (D:5)
  9 water moccasins
  2 black bears (D:9)
  5 orc warriors
  3 sky beasts
  2 necrophages
  9 centaurs
  A phantom (D:5)
  8 bullfrogs
  2 gnoll sergeants
  4 scorpions
  A water moccasin skeleton (D:5)
  An electric eel (D:9)
  13 killer bees (D:9)
  3 howler monkeys
  2 centaur zombies
  2 hounds
  5 orc priests
  Crazy Yiuf (D:2)
  2 gnoll shamans
  2 jellies (D:6)
  16 orc wizards
  Terence (D:2)
  A killer bee zombie (D:6)
  A howler monkey zombie (D:9)
  2 river rats (D:5)
  5 adders
  19 gnolls
  A howler monkey skeleton (D:6)
  2 shadow imps
  A white imp (D:6)
  3 ufetubi
  3 worms
  2 dart slugs
  23 orcs
  10 ball pythons
  9 endoplasms
  5 giant cockroaches
  5 goblins
  6 hobgoblins
  7 jackals
  2 quokkas
  7 bats
  2 frilled lizards
  7 kobolds
  10 rats
261 creatures vanquished.

Vanquished Creatures (collateral kills)
  A water moccasin (Lair:2)
1 creature vanquished.

Vanquished Creatures (others)
  4 fungi (Lair:2)
  8 plants
12 creatures vanquished.

Grand Total: 274 creatures vanquished

Notes
Turn   | Place    | Note
-------+----------+-------------------------------------------
     0 | D:1      | ticklebelly the Minotaur Berserker began the quest for the
                  | Orb.
     0 | D:1      | Reached XP level 1. HP: 19/19 MP: 0/0
   108 | D:1      | Reached XP level 2. HP: 23/27 MP: 1/1
   536 | D:2      | Reached XP level 3. HP: 33/33 MP: 2/2
   692 | D:2      | Reached skill level 1 in Maces & Flails
   705 | D:2      | Reached ** piety under Trog
   706 | D:2      | Reached XP level 4. HP: 21/41 MP: 3/3
  1126 | D:2      | Found a runed translucent door.
  1127 | D:2      | Noticed Crazy Yiuf
  1133 | D:2      | Killed Crazy Yiuf
  1266 | D:2      | Noticed Terence
  1274 | D:2      | Killed Terence
  1613 | D:2      | Reached XP level 5. HP: 45/47 MP: 4/4
  1689 | D:2      | Found a faded altar of an unknown god.
  2559 | D:4      | Reached skill level 5 in Fighting
  2577 | D:4      | Reached *** piety under Trog
  2578 | D:4      | Reached XP level 6. HP: 19/56 MP: 5/5
  3025 | D:4      | Identified the +2 mace "Lajisu" {speed, Will- Int-4 Dex+9
                  | SInv}
  3142 | D:5      | Entered Level 5 of the Dungeon
  3151 | D:5      | Found a stormy altar of Qazlal.
  3161 | D:5      | Found a shadowy altar of Dithmenos.
  3231 | D:5      | Found a glowing drain.
  3255 | Sewer    | Entered a sewer
  3613 | Sewer    | Reached **** piety under Trog
  3964 | D:5      | Reached skill level 1 in Evocations
  4048 | D:5      | Noticed an acid dragon
  4056 | D:5      | Killed an acid dragon
  4057 | D:5      | Reached skill level 5 in Axes
  4057 | D:5      | Reached XP level 7. HP: 32/62 MP: 6/6
  4066 | D:5      | Reached skill level 5 in Armour
  4396 | D:5      | Reached skill level 5 in Dodging
  4563 | D:5      | Noticed Menkaure
  4567 | D:5      | Killed Menkaure
  4568 | D:5      | Reached XP level 8. HP: 65/71 MP: 7/7
  4891 | D:6      | Found a staircase to the Ecumenical Temple.
  5344 | D:6      | Reached ***** piety under Trog
  5527 | D:6      | Noticed a cyclops
  5533 | D:6      | Killed a cyclops
  5534 | D:6      | Reached XP level 9. HP: 53/82 MP: 8/8
  6356 | D:7      | Reached skill level 1 in Shields
  6956 | D:8      | Noticed a centaur warrior
  6963 | D:8      | Killed a centaur warrior
  6964 | D:8      | Reached XP level 10. HP: 64/93 MP: 9/9
  6967 | D:8      | Reached skill level 10 in Fighting
  7452 | D:8      | Identified the +7 short sword of the Wasteland {holy, rN+
                  | Str+4}
  7494 | D:8      | Found a sparkling altar of Nemelex Xobeh.
  7556 | D:8      | Found a sacrificial altar of Ru.
  7696 | D:8      | Found an ornate altar of the Wu Jian Council.
  8053 | D:9      | Found a staircase to the Lair.
  8053 | D:9      | Noticed an elephant
  8069 | D:9      | Received a gift from Trog
  8070 | D:9      | Reached skill level 10 in Armour
  8070 | D:9      | Reached skill level 5 in Shields
  8078 | D:9      | Killed an elephant
  8424 | D:9      | Found Lutesh's Jewellery Shop.
  8426 | D:9      | Noticed a two-headed ogre
  8431 | D:9      | Killed a two-headed ogre
  8586 | D:9      | Found a shimmering blue altar of Sif Muna.
  8594 | D:9      | Identified the +7 hunting sling "Kuphoj" {vorpal, rF+ rN+
                  | Str-2 Stlth+}
  8617 | D:9      | Noticed a two-headed ogre
  8628 | D:9      | Killed a two-headed ogre
  8629 | D:9      | Reached skill level 10 in Dodging
  8639 | D:9      | Reached XP level 11. HP: 76/102 MP: 10/10
  9043 | D:9      | Found a burning altar of Makhleb.
  9115 | D:9      | Found a shimmering altar of Xom.
  9179 | Lair:1   | Entered Level 1 of the Lair of Beasts
  9616 | Lair:1   | Noticed a catoblepas
  9633 | Lair:1   | Killed a catoblepas
 10614 | Lair:2   | Found a staircase to the Snake Pit.
 11171 | Lair:2   | HP: 2/106 [poisoned by a water moccasin]
 11171 | Lair:2   | Mangled by an elephant

Illustrated notes

Levels and vault maps discovered:
D:1:      psy_arrival_dodecagon, layout_rooms
D:2:      layout_basic, dilly_ecumenical_altar_fadedgnrine,
          minmay_misc_feat_rugged, uniq_terence, uniq_crazy_yiuf_cottage
D:3:      layout_basic
D:4:      layout_rooms
D:5:      layout_loops_ring, grunt_qazlal_sundering, overflow_temple_1_default,
          portal_sewer_entry_a, uniq_menkaure
D:6:      layout_basic, minmay_temple_entry_ruins
D:7:      layout_basic
D:8:      minmay_angry_zag, layout_basic, mainiacjoe_overflow_six_doors_small,
          lemuel_doored_altar, lemuel_tele_altar
D:9:      layout_roguey, mainiacjoe_overflow_alcove_4,
          mainiacjoe_overflow_large_starburst, david_lair_generic,
          nicolae_stop_n_shop_1, mrwooster_statue_mirror, serial_bayou_pond_b
Lair:1:   layout_gridlike, grunt_megastairs_1
Lair:2:   layout_roguey, minmay_snake_entry_six_corridors, serial_bayou_pond_a,
          lemuel_fruit_fields, infiniplex_staircase_pool_2

Skill      XL: |  1  2  3  4  5  6  7  8  9 10 11 |
---------------+----------------------------------+-----
Fighting       | 4 5 6 8 9 11 12 | 12.8
Axes           | 4 5 |  5.3
Maces & Flails | 1 2 3 |  3.9
Armour         | 3 4 5 8 9 10 12 | 12.5
Dodging        | 3 4 5 7 8 10 11 | 11.5
Evocations     | 1 |  1.1
Shields        | 3 5 |  5.0

Action                   |  1- 3 |  4- 6 |  7- 9 | 10-12 || total
-------------------------+-------+-------+-------+-------++-------
Melee: Hand axe          |    20 |       |       |       ||    20
       Headbutt          |     7 |    15 |    41 |    73 ||   136
       Flail             |    35 |   158 |   180 |   298 ||   671
Invok: Berserk           |       |       |     1 |     2 ||     3
       Trog's Hand       |       |       |       |     1 ||     1
       Brothers in Arms  |       |       |       |     1 ||     1
  Use: Scroll            |       |     2 |       |     2 ||     4
       Potion            |       |     1 |       |       ||     1
 Stab: Distracted        |       |       |       |     1 ||     1
Armor: Ring mail         |    17 |    10 |       |       ||    27
       Scale mail        |       |    13 |       |       ||    13
       Plate armour      |       |    81 |   119 |   222 ||   422
Dodge: Dodged            |    31 |    76 |    86 |   212 ||   405
Block: Buckler           |       |       |    18 |    85 ||   103
